 Dungeon Crawl Stone Soup version 0.28.0 (webtiles) character file.

Game seed: 10358811454162095256

126 crazypyro the Skirmisher (level 5, 0/54 HPs)
             Began as an Ogre Hunter on Feb 4, 2022.
             Slain by Grinder (5 damage)
             ... on level 4 of the Dungeon.
             The game lasted 00:03:35 (3285 turns).

crazypyro the Skirmisher (Ogre Hunter)              Turns: 3285, Time: 00:03:35

Health: 0/54       AC:  3    Str: 18    XL:     5   Next: 10%
Magic:  5/5        EV: 10    Int: 12    God:
Gold:   152        SH:  0    Dex:  9    Spells: 4/4 levels left

rFire   . . .      SeeInvis .   j - +0 morningstar
rCold   . . .      Faith    .   (no shield)
rNeg    . . .      Spirit   .   b - +0 robe
rPois   .          Reflect  .   (helmet restricted)
rElec   .          Harm     .   (no cloak)
rCorr   .          Rampage  .   (gloves unavailable)
Will    .....                   (boots unavailable)
Stlth   +.........              (no amulet)
HPRegen 0.18/turn               (no ring)
MPRegen 0.09/turn               (no ring)

@: no status effects
A: large, unfitting armour, tough skin 1
a: no special abilities


You were on level 4 of the Dungeon.
You visited 1 branch of the dungeon, and saw 4 of its levels.

You collected 152 gold pieces.

Inventory:

Hand Weapons
 a - a +0 short sword
 f - a +0 club
 j - a +0 morningstar (weapon)
Missiles
 c - 2 large rocks (quivered)
 d - 2 throwing nets
Armour
 b - a +0 robe (worn)
Scrolls
 e - a scroll of amnesia {unknown}
 g - 3 scrolls of identify {unknown}
 k - a scroll of teleportation {unknown}
Potions
 h - a potion of cancellation {unknown}
 i - a potion of heal wounds {unknown}


   Skills:
 + Level 4.3 Fighting
 * Level 3.0 Maces & Flails
 - Level 4.1 Throwing
 + Level 2.0 Dodging
 - Level 1.0 Stealth


You had 4 spell levels left.
You didn't know any spells.
Your spell library was empty.

Dungeon Overview and Level Annotations

Branches:
Dungeon (4/15)
 Temple: D:4-7

Altars:

Shops:
D:3 =

Annotations:
D:4 Grinder


Innate Abilities, Weirdness & Mutations

You are too large for most types of armour.
You have tough skin. (AC +1)


Message History

Grinder gestures at you.
You shrug off the repeated paralysis!
Grinder gestures at you. You resist with significant effort.
You can move again.
You closely miss Grinder. Grinder hits you.
You writhe in agony.
You puncture Grinder!
Grinder is moderately wounded.
Grinder completely misses you.
You hit Grinder.
Grinder is moderately wounded.
Grinder blinks!
You are too injured to fight recklessly!
The ball python completely misses you.
You are too injured to fight recklessly!
You sock the ball python!
You kill the ball python!
Grinder barely misses you.
You see here a ball python corpse.
You closely miss Grinder.
Grinder is moderately wounded.
Grinder blinks!
Grinder is nearby!
You are too injured to fight recklessly!
You closely miss Grinder.
Grinder is moderately wounded.
Grinder hits you.
You hit Grinder.
Grinder is heavily wounded.
Grinder barely misses you. Grinder hits you.
You writhe in agony.
You barely miss Grinder.
Grinder is heavily wounded.
Grinder hits you.
You writhe in agony.
* * * LOW HITPOINT WARNING * * *
You hit Grinder.
Grinder is heavily wounded.
Grinder hits you!
* * * LOW HITPOINT WARNING * * *
You writhe in agony.
You die...

############
##########...........
#######.............#######
......[.#####....##.# #
###........##.#####.# #
#.######†##(# #.# #
#.######@##.# #.#
..=.....5##.# #.#
#.#####..##.#####.####
#.......<......##
##.##.#####.#...## #..#..>
#...#..## ##.# #. #.†###...
.# ##..#..## .# ##...###


You could see Grinder.

Vanquished Creatures
  Terence (D:3)
  3 adders
  An adder zombie (D:2)
  A worm (D:2)
  A dart slug (D:3)
  2 orcs (D:3)
  5 ball pythons
  2 bat skeletons (D:2)
  A bat zombie (D:2)
  3 endoplasms (D:1)
  A giant cockroach (D:1)
  4 goblins
  8 hobgoblins
  2 jackals (D:3)
  5 kobolds
  6 quokkas
  A ball python zombie (D:2)
  3 bats
  A frilled lizard (D:2)
  A giant cockroach zombie (D:2)
  A quokka skeleton (D:2)
  7 rats
60 creatures vanquished.

Vanquished Creatures (others)
  A fungus (D:2)
  A plant (D:2)
2 creatures vanquished.

Grand Total: 62 creatures vanquished

Notes
Turn   | Place    | Note
-------+----------+-------------------------------------------
     0 | D:1      | crazypyro the Ogre Hunter began the quest for the Orb.
     0 | D:1      | Reached XP level 1. HP: 22/22 MP: 1/1
   346 | D:1      | Reached skill level 1 in Stealth
   346 | D:1      | Reached XP level 2. HP: 31/31 MP: 2/2
   915 | D:1      | Reached skill level 1 in Maces & Flails
  1220 | D:1      | Reached XP level 3. HP: 37/37 MP: 3/3
  1718 | D:2      | Reached XP level 4. HP: 48/48 MP: 4/4
  1793 | D:2      | Found a faded altar of an unknown god.
  2162 | D:3      | Found Acimuxath's Jewellery Shop.
  2372 | D:3      | Noticed Terence
  2377 | D:3      | Killed Terence
  3084 | D:3      | Reached XP level 5. HP: 54/54 MP: 5/5
  3260 | D:4      | Noticed Grinder
  3261 | D:4      | Paralysed by Grinder for 7 turns
  3285 | D:4      | Slain by Grinder

Illustrated notes

Levels and vault maps discovered:
D:1:      heliophobic_arrival_battle_scene, layout_basic
D:2:      layout_basic, shapermc_ecumenical_altar_mp_urbaneastern,
          serial_undead, serial_undead_e, serial_undead_d, serial_undead_a,
          serial_undead_d
D:3:      layout_rooms, serial_shops, nicolae_shop_hallway_stairs,
          interstate_on_off, uniq_terence
D:4:      layout_loops_ring, lemuel_doored_altar, kennysheep_diamond,
          uniq_grinder

Skill      XL: |  1  2  3  4  5 |
---------------+----------------+-----
Fighting       | 3 4 |  4.3
Dodging        | 2 |  2.0
Stealth        | 1 |  1.0
Maces & Flails | 1 2 3 |  3.0
Throwing       | |  4.1

Action                   |  1- 3 |  4- 6 || total
-------------------------+-------+-------++-------
Melee: Club              |    71 |     8 ||    79
       Short sword       |     3 |       ||     3
       Punch             |     1 |       ||     1
       Morningstar       |       |    47 ||    47
Throw: Large rock        |    37 |    25 ||    62
       Throwing net      |     1 |     1 ||     2
 Stab: Sleeping          |       |     1 ||     1
Armor: Robe              |    37 |    16 ||    53
Dodge: Dodged            |    60 |    41 ||   101
